 Dungeon Crawl Stone Soup version 0.30.0-15-g856e2d3f33 (webtiles) character file.

Game seed: 6310398194757216698

11827 qw the Cleaver (level 11, 0/72 HPs)
             Began as a Gargoyle Cinder Acolyte on May 18, 2023.
             Was an Initiate of Okawaru.
             Slain by a death yak (15 damage)
             ... on level 1 of the Lair of Beasts.
             The game lasted 00:04:37 (9429 turns).

qw the Cleaver (Gargoyle Cinder Acolyte)            Turns: 9429, Time: 00:04:37

Health: 0/72       AC: 30    Str: 21    XL:     11   Next: 83%
Magic:  12/12      EV: 12    Int: 16    God:    Okawaru [......]
Gold:   1436       SH:  0    Dex:  5    Spells: 12/12 levels left

rFire   . . .        m - +2 broad axe (venom)
rCold   . . .        (no shield)
rNeg    + . .        p - +0 plate armour
rPois   inf          g - +2 helmet
rElec   +            (no cloak)
rCorr   .            n - +0 pair of gloves
SInv    .            (no boots)
Will    .....        (no amulet) Stlth
                     d - +5 ring of evasion
HPRegen 0.32/turn    a - +4 ring of protection
MPRegen 0.13/turn

%: no passive effects
@: about to teleport, fire susceptible
A: sickness immunity, AC +8, negative energy resistance 1, electricity
resistance, torment resistance 1, petrification resistance
a: Renounce Religion


You were on level 1 of the Lair of Beasts.
You worshipped Okawaru.
Okawaru was noncommittal.
You visited 3 branches of the dungeon, and saw 11 of its levels.

You collected 1832 gold pieces.
You spent 396 gold pieces at shops.


Innate Abilities, Weirdness & Mutations

You are immune to sickness and miasma.
Your stone body is resilient. (AC +8)
You are immune to poison.
You resist negative energy. (rN+)
You are resistant to electric shocks. (rElec)
You are resistant to unholy torment.
You are immune to petrification.


   Skills:
 - Level 10.1 Fighting
 + Level 12.8 Axes
 - Level 2.6 Throwing
 - Level 9.1 Armour
 - Level 1.0 Dodging
 - Level 1.0 Spellcasting
 - Level 3.0 Fire Magic


You had 12 spell levels left.
You didn't know any spells.
Your spell library contained the following spells:

 Spells                   Type           Power      Damage    Failure   Level
 Scorch                   Fire           20%        2d6       85%         2

Inventory:

Hand Weapons
 f - a -1 hand axe of flaming
 m - a +2 broad axe of venom (weapon)
Missiles
 b - 3 boomerangs (quivered)
Armour
 g - a +2 helmet (worn)
 n - a +0 pair of gloves (worn)
 p - a +0 plate armour (worn)
Jewellery
 a - a +4 ring of protection (right hand)
 d - a +5 ring of evasion (left hand)
Scrolls
 c - 2 scrolls of teleportation
 e - 2 scrolls of identify
Potions
 h - a potion of curing
 i - a potion of haste
 k - a potion of mutation
 o - 3 potions of might

Dungeon Overview and Level Annotations

Branches:
Dungeon (8/15)             Temple (1/1) D:7            Lair (2/5) D:8
  Swamp: Lair:2-3    Shoals: Lair:2-3     Snake: Lair:2-3    Spider: Lair:2-3

Altars:
Ashenzari
Cheibriados
Dithmenos
Elyvilon
Fedhas
Gozag
Hepliaklqana
Kikubaaqudgha
Makhleb
Nemelex Xobeh
Okawaru
Qazlal
Ru
Sif Muna
Trog
Uskayaw
Wu Jian
Xom
Yredelemnul
Zin
The Shining One

Shops:
D:7 =


Message History

You barely miss the death yak. x2; You slash the death yak!
The death yak looks as sick as possible!
The blink frog closely misses you. The death yak closely misses you.
The death yak gores you. The death yak barely misses you.
You slice the blink frog!!
You kill the blink frog!
Okawaru accepts your kill.
You hit the death yak.
The death yak looks as sick as possible!
You completely miss the death yak. You slash the death yak!
The death yak looks as sick as possible!
The death yak barely misses you.
The death yak gores you but does no damage. x2
You slash the death yak!
The death yak looks as sick as possible!
The death yak is heavily wounded.
You slash the death yak!
The death yak looks as sick as possible!
You hit the death yak.
The death yak looks even sicker.
The death yak barely misses you. The death yak closely misses you.
The death yak gores you but does no damage.
You hit the death yak but do no damage.
The death yak looks as sick as possible!
The death yak is heavily wounded.
You barely miss the death yak. You hit the death yak. The death yak gores you!
The death yak barely misses you. The death yak closely misses you.
9428 ||| READING 3 scrolls of teleportation.
As you read the scroll of teleportation, it crumbles to dust.
You feel strangely unstable.
The death yak gores you but does no damage.
The death yak gores you. The death yak closely misses you.
You slash the death yak!
The death yak is severely wounded.
You hit the death yak.
The death yak looks as sick as possible!
You slash the death yak!
The death yak looks as sick as possible!
The death yak gores you!
You die...

#### #####P.##### #.##......>###
####...........## ##### ##
#P..............# #...###.
#..............#####....#..
#.....)....Y...##..........
#........%@....###........P ####
##........YY...####........#
...###.............## #.........#
..........)........####........##
######........................##
### ####.........#..........##
..## ##.......#####.####...##
...## ##........# ### ###..###
....###..##....## #.....


You could see 3 death yaks.

Vanquished Creatures
  A boulder beetle (Lair:1)
  Sonja (Lair:1)
  Pikel (D:5)
  A black mamba (Lair:1)
  4 cane toads (Lair:1)
  2 rime drakes
  2 komodo dragons (Lair:1)
  A hornet (D:8)
  2 polar bears
  Grinder (D:5)
  2 blink frogs (Lair:1)
  3 wyverns
  2 steam dragons
  A basilisk (Lair:1)
  10 yaks
  Menkaure (D:4)
  7 water moccasins
  A sky beast (D:8)
  An orc warrior (D:8)
  6 ice beasts
  4 black bears
  Duvessa (D:6)
  2 ogres (D:5)
  A centaur (D:5)
  2 wolves (D:8)
  4 lemures (D:5)
  A phantom (D:5)
  2 bullfrogs
  A gnoll sergeant (D:8)
  4 scorpions
  5 wights (D:8)
  Dowan (D:6)
  2 howler monkeys
  4 hounds
  7 jellies
  A gnoll bouda (D:8)
  6 iguanas
  A sleepcap (D:5)
  6 orc wizards
  11 gnolls
  6 adders
  3 white imps
  2 dart slugs
  18 orcs
  7 bats
  6 endoplasms
  4 giant cockroaches
  11 goblins
  18 hobgoblins
  A jackal (D:5)
  3 quokkas
  13 ball pythons
  6 frilled lizards
  9 kobolds
  6 rats
229 creatures vanquished.

Notes
Turn   | Place    | Note
-------+----------+-------------------------------------------
     0 | D:1      | qw the Gargoyle Cinder Acolyte began the quest for the Orb.
     0 | D:1      | Reached XP level 1. HP: 14/14 MP: 2/2
     0 | D:1      | 0 ||| qw: Version: 0.2-a-95-gc95f03d
     0 | D:1      | 0 ||| qw: Game counter: 68
     0 | D:1      | 0 ||| qw: Always use a shield: true
     0 | D:1      | 0 ||| qw: God list: Okawaru
     0 | D:1      | 0 ||| qw: Allow faded altars: false
     0 | D:1      | 0 ||| qw: Do Orc after D:15 true
     0 | D:1      | 0 ||| qw: Do second Lair branch before Depths: true
     0 | D:1      | 0 ||| qw: Lair rune preference: random
     0 | D:1      | 0 ||| qw: Plans: Normal
     0 | D:1      | 0 ||| PLANNING D:1-11
     3 | D:1      | You fall into a shaft and drop 1 floor!
    83 | D:1      | Reached skill level 3 in Axes
   139 | D:1      | Reached XP level 2. HP: 15/19 MP: 3/3
   158 | D:1      | 158 ||| Stepping ~*~*~tactically~*~*~ (stealth).
   159 | D:1      | 159 ||| Stepping ~*~*~tactically~*~*~ (stealth).
   161 | D:1      | 161 ||| Stepping ~*~*~tactically~*~*~ (stealth).
   173 | D:1      | 173 ||| INVOKING Fiery Armour.
   217 | D:1      | 217 ||| Stepping ~*~*~tactically~*~*~ (stealth).
   219 | D:1      | 219 ||| Stepping ~*~*~tactically~*~*~ (stealth).
   909 | D:1      | 909 ||| Stepping ~*~*~tactically~*~*~ (stealth).
   920 | D:1      | 920 ||| UPGRADING to +0 leather armour.
   930 | D:1      | 930 ||| DROPPING +0 robe.
   931 | D:1      | 931 ||| UPGRADING to +0 ring mail.
   941 | D:1      | 941 ||| DROPPING +0 leather armour.
   942 | D:1      | 942 ||| UPGRADING to +4 ring of protection.
   943 | D:1      | 943 ||| READING scroll labelled SIRURE EREBRI.
   946 | D:1      | 946 ||| READING 2 scrolls labelled OCACAURUCS.
   947 | D:1      | 947 ||| READING 2 scrolls labelled KUDIORIDUA.
   948 | D:1      | 948 ||| READING scroll labelled ULASE QUET.
   949 | D:1      | 949 ||| READING 2 scrolls labelled MEFOFACAET.
   950 | D:1      | 950 ||| DRINKING 2 silvery potions.
   951 | D:1      | 951 ||| DROPPING scroll of summoning.
   952 | D:1      | 952 ||| DROPPING scroll of fear.
   984 | D:2      | Reached XP level 3. HP: 23/23 MP: 4/4
  1126 | D:2      | Identified the +10 whip of the Harvest {holy, rC+ Str+2
                  | Dex+2}
  1148 | D:2      | Reached skill level 4 in Axes
  1216 | D:2      | 1216 ||| Stepping ~*~*~tactically~*~*~ (hiding).
  1378 | D:2      | Found a faded altar of an unknown god.
  1396 | D:2      | 1396 ||| Stepping ~*~*~tactically~*~*~ (stealth).
  1433 | D:2      | 1433 ||| UPGRADING to +0 chain mail.
  1443 | D:2      | 1443 ||| DROPPING +0 ring mail.
  1444 | D:2      | 1444 ||| UPGRADING to ring of willpower.
  1445 | D:2      | 1445 ||| READING scroll labelled FYMNEA YDDA.
  1446 | D:2      | 1446 ||| READING scroll labelled HOV FIYHOSSUU.
  1447 | D:2      | 1447 ||| READING 3 scrolls labelled CITTY NUYSOMA JAS.
  1448 | D:2      | 1448 ||| READING 3 scrolls of identify.
  1448 | D:2      | 1448 ||| IDENTIFYING brown potion
  1449 | D:2      | 1449 ||| READING 2 scrolls of identify.
  1449 | D:2      | 1449 ||| IDENTIFYING fizzy dark potion
  1450 | D:2      | 1450 ||| DROPPING potion of degeneration.
  1452 | D:2      | 1452 ||| STAIRDANCE
  1517 | D:2      | Reached skill level 1 in Armour
  1685 | D:2      | Reached XP level 4. HP: 28/28 MP: 5/5
  1746 | D:2      | 1746 ||| READING scroll labelled ECRUNI MAZAXTA.
  1747 | D:2      | 1747 ||| READING 3 scrolls of identify.
  1747 | D:2      | 1747 ||| IDENTIFYING murky green potion
  1748 | D:2      | 1748 ||| READING 2 scrolls of identify.
  1748 | D:2      | 1748 ||| IDENTIFYING viscous emerald potion
  1749 | D:2      | 1749 ||| DROPPING potion of invisibility.
  1772 | D:3      | 1772 ||| SWAPPING to +0 war axe.
  1774 | D:3      | Found a shadowy altar of Dithmenos.
  1782 | D:3      | Found an ancient bone altar of Kikubaaqudgha.
  1856 | D:3      | 1856 ||| Stepping ~*~*~tactically~*~*~ (hiding).
  1857 | D:3      | 1857 ||| Stepping ~*~*~tactically~*~*~ (hiding).
  1859 | D:3      | 1859 ||| Stepping ~*~*~tactically~*~*~ (hiding).
  1862 | D:3      | 1862 ||| INVOKING Fiery Armour.
  1909 | D:3      | Reached XP level 5. HP: 32/32 MP: 6/6
  1909 | D:3      | 1909 ||| Stepping ~*~*~tactically~*~*~ (stealth).
  1968 | D:3      | Found a bloodstained altar of Trog.
  1994 | D:3      | 1994 ||| UPGRADING to +0 helmet.
  2009 | D:3      | 2009 ||| READING 2 scrolls of enchant armour.
  2009 | D:3      | 2009 ||| ENCHANTING +0 helmet.
  2020 | D:3      | 2020 ||| READING scroll of enchant armour.
  2020 | D:3      | 2020 ||| ENCHANTING +1 helmet.
  2031 | D:3      | 2031 ||| READING scroll labelled SEHELOI MESO.
  2716 | D:4      | Reached skill level 5 in Axes
  2764 | D:4      | 2764 ||| STAIRDANCE
  2811 | D:4      | 2811 ||| Stepping ~*~*~tactically~*~*~ (hiding).
  2822 | D:4      | Noticed Menkaure
  2823 | D:4      | 2823 ||| Stepping ~*~*~tactically~*~*~ (hiding).
  2826 | D:4      | 2826 ||| Stepping ~*~*~tactically~*~*~ (hiding).
  2837 | D:4      | 2837 ||| INVOKING Fiery Armour.
  2837 | D:4      | Killed Menkaure
  2838 | D:4      | Reached XP level 6. HP: 18/40 MP: 7/7
  3096 | D:4      | Reached XP level 7. HP: 41/44 MP: 8/8
  3160 | D:4      | 3160 ||| Stepping ~*~*~tactically~*~*~ (stealth).
  3197 | D:4      | 3197 ||| STAIRDANCE
  3363 | D:4      | Reached skill level 6 in Axes
  3475 | D:4      | 3475 ||| UPGRADING to +0 pair of gloves.
  3480 | D:4      | 3480 ||| DROPPING orb of energy.
  3481 | D:4      | 3481 ||| READING scroll labelled VAIXTU BAUF.
  3481 | D:4      | Identified a scroll of acquirement
  3481 | D:4      | 3481 ||| ACQUIRING +2 broad axe of venom
  3481 | D:4      | Acquired a +2 broad axe of venom
  3483 | D:4      | 3483 ||| SWAPPING to +2 broad axe of venom.
  3484 | D:4      | 3484 ||| DROPPING +0 war axe.
  3502 | D:5      | Entered Level 5 of the Dungeon
  3534 | D:5      | 3534 ||| Stepping ~*~*~tactically~*~*~ (stealth).
  3535 | D:5      | 3535 ||| Stepping ~*~*~tactically~*~*~ (stealth).
  3542 | D:5      | Reached skill level 3 in Armour
  3585 | D:5      | 3585 ||| Stepping ~*~*~tactically~*~*~ (stealth).
  3587 | D:5      | 3587 ||| Stepping ~*~*~tactically~*~*~ (stealth).
  3599 | D:5      | 3599 ||| INVOKING Fiery Armour.
  3687 | D:5      | Noticed Pikel
  3706 | D:5      | Noticed Grinder
  3707 | D:5      | 3707 ||| INVOKING Fiery Armour.
  3709 | D:5      | Killed Pikel
  3710 | D:5      | Reached skill level 8 in Axes
  3710 | D:5      | Reached XP level 8. HP: 42/49 MP: 9/9
  3720 | D:5      | Paralysed by Grinder for 3 turns
  3724 | D:5      | Killed Grinder
  3813 | D:5      | 3813 ||| Stepping ~*~*~tactically~*~*~ (hiding).
  3826 | D:5      | 3826 ||| Stepping ~*~*~tactically~*~*~ (stealth).
  3835 | D:5      | 3835 ||| INVOKING Fiery Armour.
  3849 | D:5      | Reached XP level 9. HP: 37/55 MP: 10/10
  3927 | D:5      | Reached skill level 6 in Fighting
  3937 | D:5      | 3937 ||| DRINKING 2 bubbling emerald potions.
  4034 | D:5      | Found a glowing silver altar of Zin.
  4198 | D:5      | Found a blossoming altar of Fedhas.
  4211 | D:5      | 4211 ||| Stepping ~*~*~tactically~*~*~ (stealth).
  4221 | D:5      | Reached skill level 9 in Axes
  4251 | D:5      | 4251 ||| Stepping ~*~*~tactically~*~*~ (stealth).
  4411 | D:5      | Found a white marble altar of Elyvilon.
  4688 | D:5      | 4688 ||| UPGRADING to +0 plate armour.
  4698 | D:5      | 4698 ||| DROPPING +0 chain mail.
  4699 | D:5      | 4699 ||| READING 2 scrolls of identify.
  4699 | D:5      | 4699 ||| IDENTIFYING bubbling purple potion
  4700 | D:5      | 4700 ||| DROPPING potion of flight.
  4869 | D:6      | Reached skill level 6 in Armour
  4900 | D:6      | 4900 ||| Stepping ~*~*~tactically~*~*~ (stealth).
  4974 | D:6      | Found a hazy altar of Hepliaklqana.
  5024 | D:6      | Noticed Duvessa
  5024 | D:6      | Noticed Dowan
  5025 | D:6      | 5025 ||| Stepping ~*~*~tactically~*~*~ (hiding).
  5027 | D:6      | 5027 ||| INVOKING Fiery Armour.
  5029 | D:6      | Killed Duvessa
  5032 | D:6      | Killed Dowan
  5326 | D:6      | 5326 ||| Stepping ~*~*~tactically~*~*~ (hiding).
  5341 | D:6      | 5341 ||| READING scroll labelled WIDAOT KIMMANA.
  5367 | D:6      | Found an opulent altar of Gozag.
  5370 | D:6      | Found a sparkling altar of Nemelex Xobeh.
  5403 | D:6      | Found an ornate altar of the Wu Jian Council.
  5515 | D:7      | 5515 ||| Stepping ~*~*~tactically~*~*~ (stealth).
  5772 | D:7      | Found Tinirchi's Jewellery Shop.
  5781 | D:7      | 5781 ||| INVOKING Fiery Armour.
  5782 | D:7      | Reached skill level 10 in Axes
  5917 | D:7      | 5917 ||| BUYING +5 ring of evasion (396 gold).
  5917 | D:7      | Bought a +5 ring of evasion for 396 gold pieces
  5917 | D:7      | 5917 ||| SHOPLISTING +5 ring of evasion (396 gold, have
                  | 190).
  5917 | D:7      | 5917 ||| SHOPLISTING amulet of guardian spirit (330 gold,
                  | have 190).
  5917 | D:7      | 5917 ||| SHOPLISTING amulet of reflection (330 gold, have
                  | 190).
  5917 | D:7      | 5917 ||| SHOPLISTING ring of fire (275 gold, have 190).
  5917 | D:7      | 5917 ||| SHOPLISTING ring of protection from fire (275
                  | gold, have 190).
  5937 | D:7      | Found a staircase to the Ecumenical Temple.
  5940 | D:7      | 5940 ||| Stepping ~*~*~tactically~*~*~ (stealth).
  5947 | D:7      | Reached XP level 10. HP: 62/63 MP: 11/11
  6018 | D:7      | 6018 ||| Stepping ~*~*~tactically~*~*~ (stealth).
  6237 | D:7      | 6237 ||| INVOKING Fiery Armour.
  6407 | D:7      | 6407 ||| UPGRADING to +5 ring of evasion.
  6409 | D:7      | 6409 ||| UPGRADING to +4 ring of protection.
  6411 | D:7      | 6411 ||| DROPPING ring of willpower.
  6536 | D:8      | 6536 ||| Stepping ~*~*~tactically~*~*~ (hiding).
  6546 | D:8      | Reached skill level 11 in Axes
  6552 | D:8      | 6552 ||| INVOKING Fiery Armour.
  6554 | D:8      | Reached skill level 1 in Dodging
  6634 | D:8      | 6634 ||| Stepping ~*~*~tactically~*~*~ (stealth).
  6693 | D:8      | Found a staircase to the Lair.
  6735 | D:8      | 6735 ||| Stepping ~*~*~tactically~*~*~ (hiding).
  7052 | D:8      | Reached skill level 9 in Fighting
  7057 | D:8      | Reached XP level 11. HP: 49/71 MP: 12/12
  7393 | D:8      | 7393 ||| Stepping ~*~*~tactically~*~*~ (hiding).
  7402 | D:8      | 7402 ||| DRINKING 2 potions of curing.
  7402 | D:8      | 7402 ||| (to cure confusion)
  7440 | D:8      | 7440 ||| Stepping ~*~*~tactically~*~*~ (hiding).
  7596 | D:8      | 7596 ||| PLANNING LAIR
  7596 | D:8      | 7596 ||| READING 3 scrolls of identify.
  7596 | D:8      | 7596 ||| IDENTIFYING bubbling yellow potion
  7597 | D:8      | 7597 ||| READING 2 scrolls of identify.
  7597 | D:8      | 7597 ||| IDENTIFYING fizzy sapphire potion
  7598 | D:8      | 7598 ||| DROPPING potion of brilliance.
  7599 | D:8      | 7599 ||| DROPPING potion of berserk rage.
  7625 | Lair:1   | Entered Level 1 of the Lair of Beasts
  7708 | Lair:1   | 7708 ||| INVOKING Fiery Armour.
  7716 | Lair:1   | Reached skill level 12 in Axes
  7853 | Lair:1   | 7853 ||| INVOKING Fiery Armour.
  7990 | Lair:1   | Reached skill level 9 in Armour
  8092 | Lair:1   | 8092 ||| Stepping ~*~*~tactically~*~*~ (stealth).
  8187 | Lair:1   | Identified the +0 scale mail "Tucalono" {+Inv rPois rF-}
  8228 | Lair:1   | 8228 ||| READING scroll of acquirement.
  8228 | Lair:1   | 8228 ||| ACQUIRING 842 gold pieces
  8228 | Lair:1   | Acquired 842 gold pieces
  8266 | Lair:1   | Noticed Sonja
  8267 | Lair:1   | 8267 ||| INVOKING Fiery Armour.
  8274 | Lair:1   | Killed Sonja
  8506 | Lair:1   | 8506 ||| Stepping ~*~*~tactically~*~*~ (hiding).
  8516 | Lair:1   | Noticed a boulder beetle
  8528 | Lair:1   | Killed a boulder beetle
  9034 | Lair:1   | 9034 ||| PLANNING TEMPLE
  9132 | Temple   | Entered the Ecumenical Temple
  9192 | Temple   | 9192 ||| PLANNING OKAWARU WORSHIP
  9285 | Temple   | Fell from the grace of Ignis
  9285 | Temple   | Became a worshipper of Warmaster Okawaru
  9285 | Temple   | 9285 ||| PLANNING LAIR
  9376 | Lair:2   | Noticed a death yak
  9379 | Lair:2   | Noticed a death yak
  9379 | Lair:2   | Noticed a death yak
  9383 | Lair:2   | 9383 ||| STAIRDANCE
  9421 | Lair:2   | 9421 ||| STAIRDANCE
  9427 | Lair:1   | HP: 16/72 [death yak (9)]
  9428 | Lair:1   | 9428 ||| READING 3 scrolls of teleportation.
  9429 | Lair:1   | Slain by a death yak

Levels and vault maps discovered:
D:1:      elethiomel_arrival_shortcut, layout_basic, minmay_pentomino_r4
D:2:      layout_loops_ring, dreamdust_ecumenical_altar_angels_and_demons,
          minmay_mini_jars
D:3:      layout_loops_ring, mainiacjoe_overflow_alcove_1, trog_hazing_becter,
          mainiacjoe_overflow_concentric_impassable,
          chequers_serial_rivers_micro_e, dreamdust_princess_bridge
D:4:      layout_basic, uniq_menkaure
D:5:      layout_loops_cross, zin_statuary, jmf_multi_god_temple, serial_rivers,
          chequers_serial_rivers_micro_c, chequers_serial_rivers_micro_b,
          chequers_serial_rivers_small_3, chequers_serial_rivers_large_b,
          chequers_serial_rivers_large_a, minmay_bent, uniq_grinder, uniq_pikel
D:6:      layout_rooms, grunt_temple_overflow_opulence,
          nzn_wu_jian_council_hall, general_overflow_altar,
          minmay_misc_feat_more_columns, serial_park_tiny_pond, uniq_duvessa
D:7:      layout_gridville, minmay_temple_entry_offerings, serial_shops,
          shop_coins, minmay_misc_feat_square
D:8:      layout_gridville, hellmonk_lair_entry_icy
Temple:   jpeg_temple_clearing
Lair:1:   layout_cave_pods, uniq_sonja
Lair:2:   layout_cave_pods, minmay_shoals_entry_lonely_mermaid,
          nicolae_snake_entry_squirm, portal_ice_cave_entry_pillars_2,
          serial_bayou_lagoon_a, chequers_serial_rivers_room_a

Skill      XL: |  1  2  3  4  5  6  7  8  9 10 11 |
---------------+----------------------------------+-----
Axes           | 3 4 5 8 10 11 12 | 12.8
Armour         | 1 2 3 4 6 8 9 |  9.1
Fighting       | 5 7 9 10 | 10.1
Throwing       | 2 |  2.6
Dodging        | 1 |  1.0
Spellcasting   | |  1.0
Fire Magic     | |  3.0

Action                     |  1- 3 |  4- 6 |  7- 9 | 10-12 || total
---------------------------+-------+-------+-------+-------++-------
  Melee: Hand axe          |   121 |    23 |       |       ||   144
         Punch             |     1 |     1 |     1 |     2 ||     5
         War axe           |       |    57 |    10 |       ||    67
         Broad axe         |       |       |   191 |   296 ||   487
  Throw: Boomerang         |    16 |    64 |    67 |    34 ||   181
         Javelin           |       |       |     5 |       ||     5
 Invoke: Fiery Armour      |     1 |     2 |     5 |     5 ||    13
    Use: Scroll            |    10 |     6 |     3 |     4 ||    23
         Potion            |     1 |       |     1 |     1 ||     3
 Armour: Robe              |    33 |       |       |       ||    33
         Ring mail         |    15 |       |       |       ||    15
         Chain mail        |     7 |   158 |    79 |       ||   244
         Plate armour      |       |       |    66 |   213 ||   279
  Dodge: Dodged            |    57 |    72 |    53 |   159 ||   341

Table legend:
 A = Non-vault XP
 B = Vault XP
 C = Vault XP percentage of total XP
 D = Non-vault monster count
 E = Vault monster count
 F = Vault count percentage of total count
                 A         B        C        D         E       F
            +---------+---------+-------+---------+---------+-------
      Total |   13085 |    3811 |  22.6 |     185 |      40 |  17.8
            +---------+---------+-------+---------+---------+-------
        D:1 |      27 |       6 |  18.2 |      18 |       4 |  18.2
        D:2 |      36 |      29 |  44.6 |      21 |      10 |  32.3
        D:3 |      82 |      11 |  11.8 |      20 |       6 |  23.1
        D:4 |     311 |     172 |  35.6 |      18 |       1 |   5.3
        D:5 |     971 |    1326 |  57.7 |      16 |       9 |  36.0
        D:6 |     792 |     194 |  19.7 |      17 |       2 |  10.5
        D:7 |    1844 |       0 |   0.0 |      20 |       0 |   0.0
        D:8 |    3024 |    1301 |  30.1 |      36 |       7 |  16.3
     Lair:1 |    5998 |     772 |  11.4 |      19 |       1 |   5.0
            +---------+---------+-------+---------+---------+-------
